[Event "Late-Titled-Tuesday-Blitz-February-27-2024"]
[Site "Chess.com"]
[Date "2024.02.27"]
[Round "6"]
[White "OPQRC"]
[Black "ChadBiryani"]
[Result "0-1"]
[WhiteElo "2514"]
[BlackElo "2423"]
[TimeControl "180+1"]
[EndTime "15:05:56 PST"]
[Termination "ChadBiryani won on time"]

1. g3 d5 2. Bg2 g6 3. d3 Bg7 4. c3 e5 5. Nd2 Ne7 6. e4 O-O 7. Ne2 c5 8. O-O Nbc6 9. Qc2 Bg4 10. Re1 Qd7 11. f4 Rad8 12. exd5 Nxd5 13. Nc4 exf4 14.
Nxf4 Nxf4 15. Bxf4 Qxd3 16. Qxd3 Rxd3 17. Nd6 g5 18.
Nxb7 gxf4 19. Bxc6 fxg3 20. hxg3 Rxg3+ 21. Kf2 Rd3 22. Nxc5 Rd2+ 23. Kg3 h5 24. Bf3 Bxf3 25. Kxf3 Rxb2 26.
Rg1 Kh7 27. Rg5 Kh6 28. Rf5 Rc2 29. Ne4 Bxc3 30. Rh1 f6 31. Rfxh5+ Kg6 32. Rc5 Rd8 33. Rg1+ Kf7 34. Rc7+ Ke6 35. Rgg7 Rd3+ 36. Kg4 Rg2+ 37. Kh4 Rxg7 38. Rxg7 Rd4 39. Rg4 Bb2 40. Nc5+ Kf5 41.
Rxd4 Bxd4 42. Nb3 Bf2+ 43. Kh3 Ke4 44. Kg2 Be3 45. Na5 f5 46. Nc4 f4 47. Nd6+ Kd3 48. Kf3 Kc2 49. Nc8 a5 0-1

[Event "Late-Titled-Tuesday-Blitz-February-27-2024"]
[Site "Chess.com"]
[Date "2024.02.27"]
[Round "6"]
[White "1977Ivan"]
[Black "jcibarra"]
[Result "0-1"]
[WhiteElo "2743"]
[BlackElo "2935"]
[TimeControl "180+1"]
[EndTime "15:05:57 PST"]
[Termination "jcibarra won on time"]

1. d4 Nf6 2. Nf3 g6 3. Nbd2 Bg7 4. e4 d6 5. Bd3 O-O 6. O-O Nbd7 7. Re1 e5 8. c3 b6 9. a4 a5 10. Nf1 Bb7 11.
Ng3 Re8 12. h3 Qe7 13. Bg5 Qf8 14. Qc1 h6 15. Bd2 Kh7 16. Nh4 Ng8 17. d5 Qe7 18. Nf3 Nc5 19. Bc2 c6 20. b4 Nd7 21. dxc6 Bxc6 22. Bb3 Rac8 23. Qd1 Ngf6 24. h4 d5 25. exd5 Bxd5 26. h5 Qe6 27. hxg6+ fxg6 28. Bc2 e4 29. Nd4 Qf7 30. Nb5 Rc6 31. Bf4 Re7 32.
Nd6 Qf8 33. Ngxe4 Nxe4 34. Qxd5 Qxf4 35. Nxe4 Rce6 36. g3 Qf5 37. Qd3 Ne5 38. Qe2 Nf3+ 39. Kg2 Nxe1+ 40. Rxe1 Bxc3 41. g4 Qf4 0-1

[Event "Late-Titled-Tuesday-Blitz-February-27-2024"]
[Site "Chess.com"]
[Date "2024.02.27"]
[Round "6"]
[White "Romadk"]
[Black "BebeBonito2022"]
[Result "1/2-1/2"]
[WhiteElo "2482"]
[BlackElo "2320"]
[TimeControl "180+1"]
[EndTime "15:06:01 PST"]
[Termination "Game drawn by repetition"]

1. d4 Nf6 2. Nf3 d5 3. g3 e6 4. Bg2 b5 5. Qd3 a6 6. Bg5 Nbd7 7. a4 b4 8. c4 Bb7 9. Nbd2 Be7 10. O-O O-O 11.
a5 c5 12. Ne5 dxc4 13. Ndxc4 Bxg2 14. Kxg2 Nxe5 15. dxe5 Qxd3 16. exd3 Nd5 17. Bxe7 Nxe7 18. Rac1 Rfd8 19. Nd6 Nf5 20. Rxc5 Nxd6 21. exd6 Rxd6 22.
Rfc1 g6 23. R1c4 Rb8 24. Rc6 Rxd3 25. Rxa6 Rb3 26. Rb6 Ra8 27. a6 Rxb2 28. Rc7 Ra2 29. Rbb7 R2xa6 30. Rxf7 b3 31. Rg7+ Kh8 32. Rxh7+ Kg8 33.
Rhg7+ Kh8 34. Rh7+ Kg8 35. Rbg7+ Kf8 36. Rf7+ Kg8 37.
Rhg7+ Kh8 38. Rb7 b2 39. Rh7+ Kg8 40. Rhg7+ Kh8 41. Rh7+ Kg8 42. Rhg7+ Kh8 1/2-1/2

[Event "Late-Titled-Tuesday-Blitz-February-27-2024"]
[Site "Chess.com"]
[Date "2024.02.27"]
[Round "6"]
[White "Casper"]
[Black "Bkmzzzzz"]
[Result "1/2-1/2"]
[WhiteElo "2517"]
[BlackElo "2407"]
[TimeControl "180+1"]
[EndTime "15:06:02 PST"]
[Termination "Game drawn by repetition"]

1. e4 d6 2. Nc3 Nf6 3. Bc4 e5 4. Nf3 Be7 5. d3 O-O 6. Bg5 c6 7.
Bb3 b5 8. a4 b4 9. Ne2 a5 10. Ng3 h6 11. Bxf6 Bxf6 12. Nh5 Be7 13. Rg1 Bg4 14. Ng3 Nd7 15. h3 Be6 16. Nf5 Bxf5 17.
exf5 Nc5 18. g4 Nxb3 19. cxb3 Re8 20. Qd2 Bg5 21. Nxg5 hxg5 22. O-O-O d5 23. h4 gxh4 24. g5 f6 25. f3 c5 26. Rg4 Rc8 27. Rdg1 fxg5 28.
Qh2 c4 29. Rxg5 cxd3+ 30. Kb1 Rc7 31. Qxh4 Qf6 32. Rh1 Kf7 33. Qh5+ Ke7 34. Rg6 Qf7 35. Qg5+ Kd7 36. Rxg7 Qxg7 37. Qxg7+ Re7 38. f6 Rxg7 39. fxg7 Rc8 40. Rh8 d2 41. Rxc8 d1=Q+ 42. Ka2 Kxc8 43. g8=Q+ Kd7 44. Qf7+ Kd6 45. Qf6+ Kd7 46.
Qf7+ Kd6 47. Qa7 Qxf3 48. Qb6+ Kd7 49. Qb7+ Ke6 50. Qb6+ Kf5 51. Qxa5 e4 52. Qxd5+ Kf4 53. a5 Qd3 54. Qf7+ Ke3 55. Qe6 Kf2 56. a6 e3 57.
a7 Qd8 58. Qf5+ Ke2 59. Qe4 Qa5+ 60. Kb1 Qxa7 61. Qxb4 Qd7 62. Qc4+ Kf2 63. Qf4+ Ke2 64. b4 Qb5 65. Ka2 Kd2 66. Kb3 Qd3+ 67. Ka4 Qa6+ 68. Kb3 Qd3+ 69. Ka2 Qa6+ 70. Kb1 Qd3+ 71. Ka1 Qa6+ 72.
Kb1 Qd3+ 73. Ka2 Qa6+ 74. Kb3 Qd3+ 1/2-1/2

[Event "Late-Titled-Tuesday-Blitz-February-27-2024"]
[Site "Chess.com"]
[Date "2024.02.27"]
[Round "6"]
[White "LikeWater"]
[Black "temus_galaktionov"]
[Result "0-1"]
[WhiteElo "2692"]
[BlackElo "2917"]
[TimeControl "180+1"]
[EndTime "15:06:03 PST"]
[Termination "temus_galaktionov won on time"]

1. e4 c6 2. d4 g6 3. Nc3 Bg7 4. Nf3 d6 5. Be2 Nd7 6. O-O e5 7. a4 Ngf6 8. a5 O-O 9. Re1 Re8 10. Bc4 h6 11. h3 exd4 12. Nxd4 Nc5 13. Qf3 d5 14. Ba2 Nfxe4 15. Nxe4 Nxe4 16. c3 Bd7 17. Bf4 Qxa5 18. b4 Qd8 19. b5 Qf6 20. bxc6 bxc6 21.
Rac1 g5 22. Be3 Qxf3 23. gxf3 Nd6 24. c4 dxc4 25. Red1 Be5 26. h4 gxh4 27. f4 Bg7 28. Nf3 Bg4 29. Rxd6 Bxf3 30. Bxc4 Re7 31. f5 Be5 32. Rxh6 a5 33. Rxh4 a4 34. Bc5 Rd7 35.
Re1 Rd1 36. Rxd1 Bxd1 37. f4 Bf6 38. Rh6 Kg7 39. Rh3 Bb2 40. Be7 Rg8 41. Kf2 Bg4 42.
Rg3 Kh6 0-1

[Event "Late-Titled-Tuesday-Blitz-February-27-2024"]
[Site "Chess.com"]
[Date "2024.02.27"]
[Round "6"]
[White "Unkreativ3"]
[Black "OverallStranger"]
[Result "0-1"]
[WhiteElo "2607"]
[BlackElo "2410"]
[TimeControl "180+1"]
[EndTime "15:06:03 PST"]
[Termination "OverallStranger won by checkmate"]

1. e4 c5 2. Nf3 Nc6 3. c3 Nf6 4. e5 Nd5 5. d4 cxd4 6. cxd4 d6 7. Bc4 Nb6 8. Bb3 dxe5 9. d5 Na5 10. Nc3 f6 11.
O-O g6 12. Bc2 Bg7 13. a4 Nac4 14. a5 Nd7 15. Qe2 Nd6 16. b4 O-O 17. h4 f5 18.
Ng5 Nf6 19. Bb2 h6 20. Ne6 Bxe6 21. dxe6 Rc8 22. Bb3 e4 23. Rad1 Nh5 24. Nd5 f4 25. Bxg7 Kxg7 26. Qg4 Nf6 27. Nxf6 Rxf6 28. Rfe1 Rc3 29.
Bd5 e3 30. fxe3 Rxe3 31. Rxe3 fxe3 32. Bxb7 Qb8 33. Bf3 Qb5 34. Rd5 e2 35. Rxb5 e1=Q+ 36. Kh2 Nxb5 37. h5 Qe5+ 38. Kg1 Qd4+ 39. Qxd4 Nxd4 40. Bd5 Nxe6 41. b5 Nf4 42. Bc4 gxh5 43. b6 axb6 44. a6 Rf8 45. Kf2 Nd5+ 46. Kg3 Nc7 47. Kh4 Rf4+ 48. Kxh5 Rxc4 49. a7 Ra4 50.
a8=Q Rxa8 51. g4 Ra5+ 52. Kh4 Rg5 53. Kh3 Kf6 54. Kh4 Ke5 55. Kh3 Kf4 56. Kh4 Rxg4+ 57.
Kh3 Kf3 58. Kh2 h5 59. Kh3 Kf2 60. Kh2 Rh4# 0-1

[Event "Late-Titled-Tuesday-Blitz-February-27-2024"]
[Site "Chess.com"]
[Date "2024.02.27"]
[Round "6"]
[White "Fh2411"]
[Black "lucasmito"]
[Result "1-0"]
[WhiteElo "2627"]
[BlackElo "2825"]
[TimeControl "180+1"]
[EndTime "15:06:06 PST"]
[Termination "Fh2411 won on time"]

1. d4 d5 2. c4 dxc4 3. Nf3 Nf6 4. e3 b5 5. a4 b4 6. Bxc4 e6 7. O-O Be7 8. Nbd2 O-O 9. Nb3 Nbd7 10. Qe2 c5 11. Rd1 Bb7 12. a5 a6 13. Ne5 Qb8 14.
f4 cxd4 15. exd4 Nxe5 16. dxe5 Nd5 17. Be3 Rc8 18. Rac1 h6 19. Qf2 Bh4 20. g3 Be7 21. Bd4 Rc7 22. Bd3 Rxc1 23. Rxc1 Qd8 24. Bf1 Rc8 25. Rc2 Rxc2 26. Qxc2 g5 27. f5 exf5 28. Qxf5 Nc7 29. Bd3 Bf6 30. Qh7+ Kf8 31. exf6 Ke8 32. Bf5 Ne6 33. Qg8+ Nf8 34. Kf2 Qd5 35. g4 Qf3+ 36.
Ke1 Qxb3 37. Bc5 1-0

[Event "Late-Titled-Tuesday-Blitz-February-27-2024"]
[Site "Chess.com"]
[Date "2024.02.27"]
[Round "6"]
[White "djano"]
[Black "pooh2012"]
[Result "0-1"]
[WhiteElo "2576"]
[BlackElo "2480"]
[TimeControl "180+1"]
[EndTime "15:06:08 PST"]
[Termination "pooh2012 won by resignation"]

1. e4 c6 2. b3 d5 3. Bb2 dxe4 4. g4 Nf6 5. g5 Nd5 6. Nc3 Bf5 7. Qe2 Nxc3 8. Bxc3 e6 9. h4 Na6 10. O-O-O Nb4 11. Kb1 Qa5 12. a4 Qd5 13. Bg2 Nxc2 14. Kxc2 e3+ 15. Kb2 Qxg2 16. Nh3 Bxh3 17.
Qxe3 Bg4 18. Rdg1 Qf3 19. Qd4 Bf5 20. Rh2 Qd5 21. Qe3 Bc5 22. d4 Bd6 23. f4 Qe4 24. Qxe4 Bxe4 25. Re2 Bf5 26. Rf2 O-O-O 27. h5 Rhe8 28.
b4 Bc7 29. a5 Rd5 30. Re1 Red8 31. Rd1 Rb5 32. Ka3 b6 33. axb6 axb6 34. Kb3 Kb7 35.
Rfd2 Ra8 36. Rf2 Bd6 37. h6 gxh6 38. Rh1 hxg5 39. fxg5 Bg6 40. Rhf1 Rxg5 41. Bd2 Rf5 42. Be3 Rxf2 43. Rxf2 Re8 44. Bg5 e5 45. d5 cxd5 46. Rd2 d4 47. b5 Rc8 48. Ra2 Rc3+ 49. Ka4 Bc2+ 0-1

[Event "Late-Titled-Tuesday-Blitz-February-27-2024"]
[Site "Chess.com"]
[Date "2024.02.27"]
[Round "6"]
[White "Rawnsdale"]
[Black "Laico"]
[Result "1-0"]
[WhiteElo "2520"]
[BlackElo "2380"]
[TimeControl "180+1"]
[EndTime "15:06:08 PST"]
[Termination "Rawnsdale won on time"]

1. e4 e6 2. d4 d5 3. e5 c5 4.
c3 Nc6 5. Nf3 Bd7 6. Bd3 Qb6 7.
dxc5 Bxc5 8. O-O a5 9. Nbd2 a4 10. c4 Nge7 11. cxd5 exd5 12. Qe2 Bf5 13. Bxf5 Nxf5 14.
e6 O-O 15. exf7+ Rxf7 16. Ng5 Re7 17. Qg4 Rf8 18. Ndf3 h6 19. Nh3 Re4 20. Bf4 Bd6 21. Rfe1 Qxb2 22. Rad1 Qxa2 23. Rxe4 dxe4 24. Bxd6 Nxd6 25.
Nh4 Ne5 26. Qg3 Qe2 27. Rf1 Nf5 28. Qxe5 Nxh4 29. Nf4 Qg4 30. Qe6+ Qxe6 31. Nxe6 Rc8 32.
h3 Rc4 33. Rb1 a3 34. Ra1 Ra4 35. Nc5 Ra7 36. Nxe4 Nf5 37. Nc3 Nd4 38. Kf1 b5 39.
Na2 Rb7 40. Rb1 b4 41. Rxb4 Rxb4 42. Nxb4 Nb5 43. Na2 1-0

[Event "Late-Titled-Tuesday-Blitz-February-27-2024"]
[Site "Chess.com"]
[Date "2024.02.27"]
[Round "6"]
[White "xakevicius91"]
[Black "IlanSchnaider"]
[Result "1-0"]
[WhiteElo "2573"]
[BlackElo "2710"]
[TimeControl "180+1"]
[EndTime "15:06:09 PST"]
[Termination "xakevicius91 won by checkmate"]

1. e4 c5 2. Nf3 d6 3. Bb5+ Bd7 4. a4 Nf6 5. Nc3 e6 6. O-O Be7 7. d4 cxd4 8. Nxd4 O-O 9. Be3 a6 10.
Be2 Nc6 11. f4 Rc8 12. Kh1 d5 13. e5 Ne4 14. Nxe4 dxe4 15. c3 Nxd4 16. Bxd4 Bc6 17. Qe1 Bd5 18. f5 exf5 19. Rxf5 Bc5 20. Rd1 Qb6 21.
a5 Qc6 22. Qg3 Bxd4 23. Rxd4 Be6 24. Rf4 Rfd8 25. Rfxe4 Rxd4 26. Rxd4 Qc5 27. h4 Qxa5 28. Kh2 Qa2 29. Qg5 h6 30. Rd8+ Rxd8 31. Qxd8+ Kh7 32. Bd3+ g6 33. h5 Qd5 34. hxg6+ fxg6 35. Qe7+ Bf7 36.
Qf6 Kg8 37. Bxg6 Be6 38. Bf5 Bxf5 39. Qxf5 b5 40. Qg6+ Kf8 41. Qxh6+ Ke8 42. Qf6 Qd2 43.
e6 Qd6+ 44. Kh3 Qd3+ 45. g3 Qd1 46. Qf7+ Kd8 47. e7+ Kc7 48. e8=Q+ Kb6 49. Qe3+ Ka5 50. b4+ Ka4 51. Qa2# 1-0

[Event "Late-Titled-Tuesday-Blitz-February-27-2024"]
[Site "Chess.com"]
[Date "2024.02.27"]
[Round "6"]
[White "jinxy2009"]
[Black "Englishman_18"]
[Result "1-0"]
[WhiteElo "2182"]
[BlackElo "2317"]
[TimeControl "180+1"]
[EndTime "15:06:09 PST"]
[Termination "jinxy2009 won on time"]

1. e4 c5 2. Nf3 d6 3. d4 cxd4 4. Nxd4 Nf6 5. Nc3 a6 6. Be3 Ng4 7. Bg5 h6 8. Bh4 g5 9. Bg3 Bg7 10. Qd2 Nc6 11. Nb3 b5 12. O-O-O Nge5 13. Kb1 Rb8 14. Nd5 Nc4 15. Bxc4 bxc4 16. e5 cxb3 17.
exd6 bxa2+ 18. Ka1 Bxb2+ 19. Kxa2 exd6 20. Rhe1+ Be6 21.
Bxd6 Rb5 22. Rxe6+ fxe6 23. Nc7+ Kf7 24. Nxb5 axb5 25.
Kxb2 Qf6+ 26. Qc3 Qxc3+ 27. Kxc3 Rd8 28. Rd2 e5 29. Bc5 Rxd2 30. Kxd2 Ke6 31. Kd3 Kd5 32. Bf8 h5 33. Bh6 g4 34. Bd2 e4+ 35. Ke2 Nd4+ 36.
Kd1 Nf5 37. h3 gxh3 38. gxh3 Nh4 39. Ke2 Nf3 40. Be3 Ne5 41. h4 Ng4 42. Bg5 1-0

[Event "Late-Titled-Tuesday-Blitz-February-27-2024"]
[Site "Chess.com"]
[Date "2024.02.27"]
[Round "6"]
[White "nihalsarin"]
[Black "Oleksandr_Bortnyk"]
[Result "1-0"]
[WhiteElo "3194"]
[BlackElo "3055"]
[TimeControl "180+1"]
[EndTime "15:06:11 PST"]
[Termination "nihalsarin won on time"]

1. d4 Nf6 2. c4 b6 3. Nf3 Bb7 4. g3 g6 5. Bg2 Bg7 6. O-O O-O 7.
b3 e6 8. Bb2 d5 9. Nbd2 Na6 10. Rc1 Qe7 11. e3 c5 12. Qe2 Rfd8 13.
Rfd1 Rac8 14. a3 cxd4 15. Nxd4 dxc4 16. Nxc4 Bxg2 17. Kxg2 Nc5 18. b4 Na4 19. Ba1 Nd5 20. b5 Bxd4 21. Bxd4 Nc5 22. Ne5 Qb7 23. Qf3 Ne7 24.
Qxb7 Nxb7 25. Rxc8 Nxc8 26. Rc1 Ncd6 27. Nc6 Ra8 28.
a4 Kf8 29. Kf3 Ke8 30. e4 a6 31. e5 Nf5 32. Bxb6 axb5 33. axb5 Ra3+ 34. Kg2 Rb3 35. Na7 Ne7 36. Rc7 Nd8 37. Nc8 Nd5 38. Nd6+ Kf8 39. Rc8 Nxb6 40. Rxd8+ Kg7 41. Rb8 Nd7 42. Rb7 Nxe5 43. f4 Rb2+ 44. Kh3 Nf3 45. Rxf7+ Kg8 46. Kg4 Nxh2+ 47. Kg5 Rd2 48. Rd7 Rd5+ 49.
Kf6 Ng4+ 50. Kxe6 Rc5 51. b6 1-0

[Event "Late-Titled-Tuesday-Blitz-February-27-2024"]
[Site "Chess.com"]
[Date "2024.02.27"]
[Round "6"]
[White "Machidon"]
[Black "NMJeevanK"]
[Result "0-1"]
[WhiteElo "2496"]
[BlackElo "2605"]
[TimeControl "180+1"]
[EndTime "15:06:11 PST"]
[Termination "NMJeevanK won on time"]

1. d4 d5 2. Nf3 Nf6 3. Bg5 e6 4.
Nbd2 Be7 5. e3 O-O 6. Bd3 Nbd7 7. O-O c5 8. c3 h6 9. Bh4 Qc7 10. Qe2 e5 11. dxe5 Nxe5 12. Nxe5 Qxe5 13. Bg3 Qe6 14. Rfe1 b6 15. e4 Bb7 16. e5 Nd7 17. Qh5 Rad8 18.
f4 c4 19. f5 Bc5+ 20. Kh1 Qc6 21. Bc2 Rfe8 22. Nf3 f6 23. Nd4 Bxd4 24. cxd4 Nf8 25. Bf4 Nh7 26. Re3 Ng5 27. h4 Nh7 28. Rg3 Kh8 29.
Re1 Re7 30. Ree3 Qe8 31. Rg6 fxe5 32. Bxe5 Qf8 33. Qxh6 Rxe5 34. Qxh7+ Kxh7 35. Rxe5 Kg8 36. f6 Rd7 37. Bf5 Rf7 38. Be6 Kh7 39. Bf5 Kh8 0-1

[Event "Late-Titled-Tuesday-Blitz-February-27-2024"]
[Site "Chess.com"]
[Date "2024.02.27"]
[Round "6"]
[White "TenisMaster"]
[Black "Evandro_Barbosa"]
[Result "1-0"]
[WhiteElo "2931"]
[BlackElo "2671"]
[TimeControl "180+1"]
[EndTime "15:06:12 PST"]
[Termination "TenisMaster won on time"]

1. e4 c5 2. Nf3 e6 3. d4 cxd4 4. Nxd4 Nc6 5. Nc3 d6 6. Be3 a6 7. Qd2 Nf6 8. f3 Be7 9. O-O-O O-O 10. g4 Nxd4 11. Bxd4 b5 12. g5 Nd7 13. h4 Bb7 14. Kb1 b4 15. Ne2 a5 16. Ng3 Ne5 17. Be2 b3 18.
cxb3 a4 19. b4 a3 20. b3 Qb8 21. Nh5 Rd8 22. Rhg1 d5 23. Nf6+ Kh8 24. exd5 Bxd5 25. Qf4 Nxf3 26. Qxb8 Raxb8 27. Nxd5 Nxd4 28. Rxd4 exd5 29. Rgg4 g6 30. b5 Bc5 31. Rd1 Re8 32. Bd3 d4 33.
Rf4 Rb7 34. Rf6 Re3 35. Rc6 Bb4 36. Bc4 Rd7 37. b6 d3 38. Rc7 Rd8 39. b7 Ree8 40. Bb5 Ba5 41. Rxf7 Re2 42. Rxd3 Re1+ 43. Kc2 Rb8 44.
Rdd7 1-0

[Event "Late-Titled-Tuesday-Blitz-February-27-2024"]
[Site "Chess.com"]
[Date "2024.02.27"]
[Round "6"]
[White "Jahonas"]
[Black "MiguelEduardoGB"]
[Result "1-0"]
[WhiteElo "2371"]
[BlackElo "2154"]
[TimeControl "180+1"]
[EndTime "15:06:13 PST"]
[Termination "Jahonas won by resignation"]

1. d4 d5 2. c4 c6 3. Nc3 Nf6 4. Nf3 Bf5 5. cxd5 cxd5 6. Bf4 a6 7. e3 Nc6 8. Bd3 Bxd3 9. Qxd3 e6 10. O-O Bd6 11.
Bxd6 Qxd6 12. a3 Rc8 13. b4 b5 14. Rfb1 O-O 15. h3 Nd7 16. Nd2 Nb6 17. Nb3 Nc4 18. Nc5 f5 19. a4 f4 20. axb5 axb5 21. Nxb5 Qe7 22. exf4 Rxf4 23. Re1 Nxb4 24. Qg3 Rf6 25. Ra7 Qf8 26. Nxe6 Rxe6 27. Rxe6 Nc6 28. Rc7 Rxc7 29.
Nxc7 Nxd4 30. Re1 Nd2 31. Qd3 N4f3+ 32. gxf3 Nxf3+ 33. Kf1 Nxe1 34. Qxd5+ Kh8 35. Kxe1 Qe7+ 36. Ne6 h6 37. Qd8+ Qxd8 38. Nxd8 g5 39. Ke2 Kg7 40. Ke3 Kf6 41. Ke4 h5 42. f3 g4 43. fxg4 hxg4 44.
hxg4 Kg5 45. Kf3 Kg6 46. Kf4 Kf6 47. g5+ Kg6 48. Kg4 Kg7 49. Kf5 Kh7 50. g6+ Kh8 51.
Kf6 Kg8 52. Ne6 Kh8 53. Ng5 Kg8 54. Ne4 Kh8 55. Ng3 Kg8 56. Nf5 Kh8 57. g7+ Kg8 58. Ne7+ Kh7 59. g8=Q+ 1-0

[Event "Late-Titled-Tuesday-Blitz-February-27-2024"]
[Site "Chess.com"]
[Date "2024.02.27"]
[Round "6"]
[White "Goryachkina"]
[Black "Baronessa08"]
[Result "1-0"]
[WhiteElo "2692"]
[BlackElo "2524"]
[TimeControl "180+1"]
[EndTime "15:06:14 PST"]
[Termination "Goryachkina won on time"]

1. e4 c5 2. Nf3 Nc6 3. Bb5 e6 4. Bxc6 bxc6 5. d3 Ne7 6. Qe2 f6 7. e5 Ng6 8. h4 Qc7 9. exf6 gxf6 10. Nc3 Be7 11. Bd2 d5 12. O-O-O e5 13. h5 Nf8 14. Nh4 Ne6 15. f4 Nd4 16. Qf2 Bg4 17. Rde1 O-O-O 18. Nf3 Bd6 19. Na4 Rhg8 20. h6 Rde8 21.
Rhf1 Bxf3 22. gxf3 exf4 23. c3 Nf5 24. Rxe8+ Rxe8 25. Re1 Ne3 26. Kb1 d4 27. cxd4 cxd4 28. Rc1 Kb8 29. Qh4 Nd5 30. Qg4 Re2 31. Qg8+ Kb7 32.
Be1 Qe7 33. Qg7 c5 34. Bh4 Kc6 35. Qg8 Qb7 36. b3 Nc3+ 37. Nxc3 dxc3 38. Rxc3 Be5 39. Rc2 Rxc2 40. Kxc2 1-0

[Event "Late-Titled-Tuesday-Blitz-February-27-2024"]
[Site "Chess.com"]
[Date "2024.02.27"]
[Round "6"]
[White "GiorgianBarbosa"]
[Black "Aleksandar-Topalov"]
[Result "1-0"]
[WhiteElo "2534"]
[BlackElo "2366"]
[TimeControl "180+1"]
[EndTime "15:06:14 PST"]
[Termination "GiorgianBarbosa won by resignation"]

1. e4 e6 2. d4 d5 3. Nd2 Nf6 4. e5 Ng8 5. Bd3 Ne7 6. f4 h5 7.
Ne2 g6 8. O-O Qd7 9. Nf3 b6 10.
Ng5 Ba6 11. a4 Bxd3 12. Qxd3 c5 13. Qb5 Nf5 14. c3 Nc6 15. a5 Nxa5 16. Qxd7+ Kxd7 17. Nxf7 Rg8 18. Kh1 cxd4 19. cxd4 Nb3 20. Ra4 a5 21. Rd1 b5 22. Ra2 b4 23. g3 Rc8 24. Kg1 Rc2 25.
Kf1 Be7 26. h4 Rgc8 27. Ke1 Nxc1 28. Nxc1 Rxc1 29. Rxa5 Rxd1+ 30. Kxd1 Ke8 31. Ng5 Bxg5 32. hxg5 Rc4 33. Ra7 Ne7 34. Ke2 Rxd4 35. Ra6 Kf7 36. Ra7 Rc4 37. Kd3 Rc1 38. Rb7 Rg1 39. Kd4 Rxg3 40.
Kc5 b3 41. Kd6 Rf3 42. Rxe7+ Kg8 43. Rxe6 Rxf4 44. Rxg6+ Kf7 45. Rf6+ Rxf6+ 46. gxf6 h4 47. e6+ Kxf6 48. e7 h3 49. e8=Q h2 50. Qh8+ 1-0

[Event "Late-Titled-Tuesday-Blitz-February-27-2024"]
[Site "Chess.com"]
[Date "2024.02.27"]
[Round "6"]
[White "noblerone"]
[Black "rcmz"]
[Result "1/2-1/2"]
[WhiteElo "2462"]
[BlackElo "2217"]
[TimeControl "180+1"]
[EndTime "15:06:14 PST"]
[Termination "Game drawn by repetition"]

1. d4 d6 2. c4 Nd7 3. Nc3 h6 4. h4 c6 5. g3 g6 6. Bg2 Ngf6 7.
Bd2 Bg7 8. Qc1 e5 9. Nf3 e4 10. Nh2 d5 11. cxd5 cxd5 12. Nf1 Nb6 13. a4 Nc4 14.
Ne3 Nxe3 15. Bxe3 Bd7 16. Bf4 Rc8 17. Qd2 Nh5 18. Bd6 Be6 19. Bc5 b6 20. Ba3 Bf8 21.
Bxf8 Kxf8 22. Nb5 a6 23. Nc3 Kg7 24. e3 Qd7 25. Ne2 a5 26. Qd1 Bg4 27. Qb3 Bxe2 28.
Kxe2 Rc6 29. Bh3 f5 30. Rhc1 Rhc8 31. Rc3 Rxc3 32. bxc3 Qc6 33. Kd2 Nf6 34. Bf1 Ng4 35.
Ba6 Rc7 36. Bb5 Qd6 37. Ke2 g5 38. hxg5 hxg5 39. Rh1 f4 40. gxf4 gxf4 41. Rg1 f3+ 42. Kd2 Qe6 43. Bf1 Kf6 44. Bh3 Rg7 45. Bxg4 Rxg4 46.
Rxg4 Qxg4 47. Qxb6+ Kg7 48. Qb7+ Kf6 49. Qxd5 Qg2 50.
Qe5+ Kf7 51. Qf5+ Kg7 52. Qe5+ Kf7 53. Qd5+ Kg7 54. Qd7+ Kf8 55. Qd8+ Kf7 56. Qh4 Qf1 57. Qf4+ Kg8 58. Qg5+ Kf8 59. Qf5+ Kg8 60. Qg4+ Kf8 61. Qf4+ Kg8 62. Qg4+ Kf8 63. Qf4+ Kg8 1/2-1/2

[Event "Late-Titled-Tuesday-Blitz-February-27-2024"]
[Site "Chess.com"]
[Date "2024.02.27"]
[Round "6"]
[White "protectiago"]
[Black "SocoLoco"]
[Result "0-1"]
[WhiteElo "2076"]
[BlackElo "2213"]
[TimeControl "180+1"]
[EndTime "15:06:14 PST"]
[Termination "SocoLoco won on time"]

1. d4 d5 2. c4 Nc6 3. Nf3 Bg4 4. Nbd2 e6 5. e3 Nf6 6. Be2 Be7 7. O-O O-O 8. b3 a5 9. Bb2 Re8 10. Rc1 Ne4 11. Nxe4 dxe4 12. Nd2 Bxe2 13. Qxe2 f5 14. a3 Bf6 15. Rfd1 Ne7 16. Nf1 c6 17. Bc3 Ng6 18. Qb2 Qe7 19. Rd2 Qf7 20. Rcd1 Red8 21. b4 axb4 22.
axb4 h5 23. Ng3 Ne7 24. Ne2 g5 25. h4 gxh4 26. Nf4 Kh7 27. d5 Bxc3 28. Qxc3 cxd5 29. cxd5 Nxd5 30. Qe5 Rg8 31. Nxe6 Nf6 32. Qxf5+ Qg6 33. Qxg6+ Kxg6 34. Nf4+ Kf5 35. Rd6 Rge8 36. Rb6 Re7 37. Rdd6 Ne8 38. Kh2 Nxd6 39. Rxd6 Ra2 40. Rd5+ Kf6 41.
Rxh5 Kg7 42. Rg5+ Kf7 0-1

[Event "Late-Titled-Tuesday-Blitz-February-27-2024"]
[Site "Chess.com"]
[Date "2024.02.27"]
[Round "6"]
[White "shirovin"]
[Black "Nick12772"]
[Result "0-1"]
[WhiteElo "2072"]
[BlackElo "2385"]
[TimeControl "180+1"]
[EndTime "15:06:15 PST"]
[Termination "Nick12772 won on time"]

1. e4 e6 2. d4 d5 3. Bd3 Nf6 4. Bg5 dxe4 5. Bxf6 Qxf6 6. Bxe4 Bd6 7. Nf3 O-O 8. c3 Nc6 9. O-O e5 10. Qd3 exd4 11.
Bxh7+ Kh8 12. Be4 Bg4 13. Nbd2 dxc3 14. bxc3 Rae8 15. h3 Ne5 16. Qd4 Nxf3+ 17. Bxf3 Qxd4 18. cxd4 Bxf3 19. Nxf3 Re2 20. Rfe1 Rfe8 21. Rxe2 Rxe2 22. a4 a5 23. Kf1 Rb2 24. Ng5 Kg8 25. Re1 g6 26.
Re8+ Kg7 27. Rd8 Kf6 28. Ne4+ Ke7 29. Rb8 b6 30. Rh8 Rb4 31. Nxd6 Kxd6 32. Rf8 Ke7 33. Rc8 Rc4 34. Ke2 Kd7 35. Rf8 Ke6 36. Kd3 Rxa4 37.
Rc8 Ra3+ 38. Kc4 Ra2 39. Kb5 Rc2 40. Ka6 a4 41. Kb7 a3 42. Ra8 a2 43. Kc8 Kd5 44. Kb7 b5 45. Ra5 Kc4 46. Kxc7 Kb4+ 47. Kb6 Kc4 48. Ra8 b4 49. d5 b3 0-1

[Event "Late-Titled-Tuesday-Blitz-February-27-2024"]
[Site "Chess.com"]
[Date "2024.02.27"]
[Round "6"]
[White "BogdanDeac"]
[Black "chessdjw"]
[Result "1/2-1/2"]
[WhiteElo "2950"]
[BlackElo "2767"]
[TimeControl "180+1"]
[EndTime "15:06:16 PST"]
[Termination "Game drawn - insufficient material"]

1. d4 Nf6 2. c4 e6 3. Nf3 b6 4. g4 Nxg4 5. e4 Bb7 6. Rg1 f5 7. e5 Bb4+ 8. Nc3 Bxf3 9. Qxf3 Nc6 10. Qf4 Qh4 11. h3 Nxd4 12. hxg4 Nc2+ 13. Kd1 Nxa1 14. Qf3 O-O 15. g5 Qd4+ 16. Bd2 Qxe5 17. Rh1 Bxc3 18. bxc3 Qe4 19. Qxe4 fxe4 20. Be3 Rf5 21. Kc1 Ra5 22. Kb2 Nc2 23. Kxc2 Rxa2+ 24. Kb1 Ra5 25. Bg2 d5 26. Bh3 Re8 27. Bg4 Rc5 28. Bxc5 bxc5 29.
Rd1 c6 30. Kc2 Kf7 31. Ra1 Re7 32. Ra6 Kg6 33. cxd5 cxd5 34. Bxe6 d4 35. cxd4 cxd4 36.
Kd2 Kxg5 37. Ke2 h5 38. Bd5 h4 39. Ra4 h3 40. Rxd4 h2 41. Rd1 Rd7 42. Bxe4 Rxd1 43. Kxd1 Kf4 44. Bg2 g5 45. Kd2 g4 46. Kc3 g3 47.
fxg3+ Kxg3 48. Bc6 Kf2 49. Kb4 Kg1 50. Ka5 h1=Q 51.
Bxh1 Kxh1 52. Ka6 Kg2 53. Kxa7 1/2-1/2

[Event "Late-Titled-Tuesday-Blitz-February-27-2024"]
[Site "Chess.com"]
[Date "2024.02.27"]
[Round "6"]
[White "DishonorOnYourCow"]
[Black "SilverSwords13"]
[Result "0-1"]
[WhiteElo "2581"]
[BlackElo "2483"]
[TimeControl "180+1"]
[EndTime "15:06:16 PST"]
[Termination "SilverSwords13 won on time"]

1. d4 d5 2. c4 dxc4 3. Nf3 Nf6 4. e3 e6 5. Bxc4 c5 6. O-O a6 7. Nc3 b5 8. Be2 Bb7 9. b3 Nbd7 10. Bb2 Be7 11. Rc1 O-O 12. Qc2 Rc8 13. Qb1 b4 14. Na4 Ne4 15. Rfd1 cxd4 16. Rxc8 Qxc8 17. Bxd4 Qa8 18.
Bxg7 Kxg7 19. Rxd7 Bf6 20. Bd3 Bc6 21. Bxe4 Bxe4 22. Qd1 Qc6 23. Nd4 Qc8 24. Nxe6+ Kg8 25. Nxf8 Kxf8 26. h3 Bf5 27. Qd6+ Kg7 28. Rc7 Qe8 29.
Qg3+ Bg6 30. f4 Qe4 31. Nc5 Qb1+ 32. Kh2 h5 33. Ne6+ Kh6 34. Ng5 Qxa2 35. Nxf7+ Bxf7 36. Rxf7 Qb2 37. Qg8 Bg7 38. Qe8 Qxb3 39. f5 Be5+ 40. Qxe5 Qxf7 41. Qd6+ Kg5 42. Qxb4 Qxf5 43. Qe7+ Qf6 44.
Qc5+ Qf5 45. h4+ Kg6 46. Qc6+ Qf6 47. Qc2+ Qf5 48. Qc6+ Qf6 49. Qe8+ Qf7 50. Qb8 Qe6 0-1